[Event "71st RUS-ch Higher League 2018"]
[Site "Yaroslavl"]
[Date "2018.06.27"]
[Round "2"]
[White "Kokarev, Dmitry"]
[Black "Yanchenko, Roman"]
[Result "1/2-1/2"]
[ECO "C16"]
[WhiteElo "2603"]
[BlackElo "2462"]
[Annotator "ChessBase"]
[PlyCount "83"]
[EventDate "2018.06.26"]
[EventType "swiss"]
[EventCountry "RUS"]
[SourceTitle "playchess.com"]
[Source "ChessBase"]
[SourceQuality "1"]
[TimeControl "40/5400+30:1800+30"]

1. e4 e6 2. d4 d5 3. Nc3 Bb4 4. e5 Ne7 5. a3 Bxc3+ 6. bxc3 b6 7. Qg4 O-O 8. Bg5 Qe8 9. Bd3 Nf5 10. Ne2 Ba6 11. Bxa6 Nxa6 12. Ng3 Kh8 13. Nxf5 exf5 14. Qxf5 f6 15. Be3 fxe5 16. Qxe5 Qb5 17. Qh5 Qc4 18. Kd2 Rac8 19. Qe2 Qa4 20. Rhb1 c6 21. Ke1 Nc7 22. Rb4 Qa5 23. Kf1 Nb5 24. c4 Nd6 25. cxd5 cxd5 26. Qd3 Ne4 27. Rb3 Rc4 28. f3 Nd6 29. Bd2 Qa4 30. Bb4 Qc6 31. Re1 a5 32. Bxd6 Qxd6 33. h3 Qc6 34. Re2 a4 35. Rb2 h6 36. Re5 b5 37. Kg1 Rf4 38. Rb1 Rfxd4 39. Qe3 Qg6 40. Re6 Qxc2 41. Re1 Rd1 42. Rxh6+ 1/2-1/2

[Event "71st RUS-ch Higher League 2018"]
[Site "Yaroslavl"]
[Date "2018.06.27"]
[Round "2"]
[White "Esipenko, Andrey"]
[Black "Oganian, Miran"]
[Result "1/2-1/2"]
[ECO "D37"]
[WhiteElo "2599"]
[BlackElo "2432"]
[Annotator "ChessBase"]
[PlyCount "81"]
[EventDate "2018.06.26"]
[EventType "swiss"]
[EventCountry "RUS"]
[SourceTitle "playchess.com"]
[Source "ChessBase"]
[SourceQuality "1"]
[TimeControl "40/5400+30:1800+30"]

1. d4 Nf6 2. c4 e6 3. Nf3 d5 4. Nc3 dxc4 5. e4 Bb4 6. Bxc4 Nxe4 7. O-O Nxc3 8. bxc3 Be7 9. Ne5 O-O 10. Qg4 Nc6 11. Re1 f5 12. Qf3 Nxe5 13. Rxe5 Kh8 14. Bf4 Bd6 15. Re3 Bxf4 16. Qxf4 Rf6 17. Rae1 Qd6 18. Qxd6 cxd6 19. f4 Bd7 20. Bxe6 Bxe6 21. Rxe6 Rxe6 22. Rxe6 Rc8 23. Rxd6 Kg8 24. Rd7 Rxc3 25. Rxb7 Ra3 26. d5 Rxa2 27. d6 Rd2 28. d7 Kf8 29. Rxa7 g6 30. h4 Ke7 31. d8=Q+ Kxd8 32. Rxh7 Rd4 33. g3 Ke8 34. Ra7 Rd2 35. Kf1 Rb2 36. h5 gxh5 37. Rh7 h4 38. Rxh4 Kf7 39. Rh6 Ra2 40. Rb6 Rc2 41. Kg1 1/2-1/2

[Event "71st RUS-ch Higher League 2018"]
[Site "Yaroslavl"]
[Date "2018.06.27"]
[Round "2"]
[White "Pridorozhni, Aleksei"]
[Black "Tekeyev, Zaur"]
[Result "1-0"]
[ECO "B24"]
[WhiteElo "2589"]
[BlackElo "2407"]
[Annotator "ChessBase"]
[PlyCount "121"]
[EventDate "2018.06.26"]
[EventType "swiss"]
[EventCountry "RUS"]
[SourceTitle "playchess.com"]
[Source "ChessBase"]
[SourceQuality "1"]
[TimeControl "40/5400+30:1800+30"]

1. e4 c5 2. Nc3 Nc6 3. Bb5 Nd4 4. Bc4 a6 5. d3 e6 6. Nf3 b5 7. Bb3 Nxb3 8. axb3 Bb7 9. O-O Nf6 10. e5 Nd5 11. Ne4 Be7 12. c4 Nb4 13. Be3 Bxe4 14. dxe4 bxc4 15. bxc4 Qc7 16. Bd2 Nc6 17. Bc3 O-O 18. Qe2 Rfd8 19. Rfd1 h6 20. h4 d6 21. exd6 Rxd6 22. Rxd6 Bxd6 23. e5 Bf8 24. Qe4 Qd7 25. g4 g6 26. Kg2 a5 27. Nd2 a4 28. h5 g5 29. f4 gxf4 30. Qxf4 Qd3 31. Qf3 Qxf3+ 32. Kxf3 Ra7 33. Ne4 Be7 34. Kf4 Kg7 35. Ra3 Kh7 36. Be1 Rb7 37. Bc3 Ra7 38. Ra1 Kg7 39. Ke3 Kf8 40. Nd6 Bg5+ 41. Ke4 Ra6 42. Rf1 Ra7 43. Ra1 Ra6 44. Nb5 Nb8 45. Be1 Nd7 46. Bf2 Be7 47. Be3 Kg7 48. b3 Nb6 49. Nc3 f6 50. Nxa4 fxe5 51. Kf3 Ra8 52. Ra2 Ra7 53. Nc3 Rb7 54. Ra6 Bf8 55. Ke2 Kf7 56. Ne4 Nd7 57. Bxh6 Rxb3 58. Ng5+ Kg8 59. Ra8 Rg3 60. Bxf8 Nxf8 61. h6 1-0

[Event "71st RUS-ch Higher League 2018"]
[Site "Yaroslavl"]
[Date "2018.06.27"]
[Round "2"]
[White "Timofeev, Artyom"]
[Black "Rodin, Dmitrij"]
[Result "1-0"]
[ECO "D54"]
[WhiteElo "2583"]
[BlackElo "2402"]
[Annotator "ChessBase"]
[PlyCount "95"]
[EventDate "2018.06.26"]
[EventType "swiss"]
[EventCountry "RUS"]
[SourceTitle "playchess.com"]
[Source "ChessBase"]
[SourceQuality "1"]
[TimeControl "40/5400+30:1800+30"]

1. d4 Nf6 2. Bg5 d5 3. e3 e6 4. c4 Be7 5. Nc3 O-O 6. Rc1 Nbd7 7. cxd5 exd5 8. Bd3 c6 9. Nge2 Re8 10. O-O Ne4 11. Bf4 Ndf6 12. f3 Nxc3 13. bxc3 Nh5 14. Qc2 g6 15. Bh6 Bg5 16. Bxg5 Qxg5 17. e4 Bd7 18. f4 Qe7 19. e5 Ng7 20. h3 c5 21. Qd2 Rac8 22. Rce1 cxd4 23. cxd4 a6 24. Ng3 Qa3 25. Rf3 Qc3 26. Qf2 Ne6 27. Bxg6 Qxd4 28. Bb1 Qxf2+ 29. Kxf2 Ng7 30. f5 f6 31. e6 Bb5 32. Ne2 Bxe2 33. Rxe2 Kf8 34. Rd2 Red8 35. Rb3 Rc7 36. Be4 Ke7 37. Rxd5 Rxd5 38. Bxd5 Nxf5 39. Rxb7 Rxb7 40. Bxb7 a5 41. Be4 Kxe6 42. g4 Nd6 43. Bxh7 Ke5 44. Kf3 Nb5 45. h4 f5 46. Bxf5 Nc3 47. a3 a4 48. Bd3 1-0

[Event "71st RUS-ch Higher League 2018"]
[Site "Yaroslavl"]
[Date "2018.06.27"]
[Round "2"]
[White "Sarana, Alexey"]
[Black "Dreev, Aleksey"]
[Result "1-0"]
[ECO "D43"]
[WhiteElo "2573"]
[BlackElo "2657"]
[Annotator "RC"]
[PlyCount "59"]
[EventDate "2018.06.26"]
[EventType "swiss"]
[EventCountry "RUS"]
[SourceTitle "playchess.com"]
[Source "ChessBase"]
[SourceQuality "1"]
[TimeControl "40/5400+30:1800+30"]

1. d4 d5 2. Nf3 Nf6 3. c4 c6 4. Nc3 e6 5. g3 dxc4 6. Bg2 Nbd7 7. O-O Be7 8. a4 O-O 9. e4 e5 10. dxe5 Ng4 11. Bf4 Qa5 12. e6 fxe6 13. Bh3 Nde5 14. Bxg4 Nxg4 15. e5 Qd8 16. Nd2 h5 17. h3 g5 18. hxg4 gxf4 19. gxh5 fxg3 20. Nde4 gxf2+ 21. Rxf2 Rxf2 22. Qxd8+ Bxd8 23. Kxf2 Bc7 24. Rg1+ Kf7 25. Rg5 Bd7 26. h6 Bxe5 27. Rxe5 Rh8 28. Nd6+ Ke7 29. Nce4 Rxh6 30. Nf5+ 1-0

[Event "71st RUS-ch Higher League 2018"]
[Site "Yaroslavl"]
[Date "2018.06.27"]
[Round "2"]
[White "Moskalenko, Alexander"]
[Black "Sek, Konstantin"]
[Result "1/2-1/2"]
[ECO "C78"]
[WhiteElo "2558"]
[BlackElo "2476"]
[Annotator "RC"]
[PlyCount "80"]
[EventDate "2018.06.26"]
[EventType "swiss"]
[EventCountry "RUS"]
[SourceTitle "playchess.com"]
[Source "ChessBase"]
[SourceQuality "1"]
[TimeControl "40/5400+30:1800+30"]

1. e4 e5 2. Nf3 Nc6 3. Bb5 a6 4. Ba4 Nf6 5. O-O b5 6. Bb3 Be7 7. d3 O-O 8. Nc3 d6 9. a3 Nb8 10. a4 b4 11. Nd5 Nxd5 12. Bxd5 c6 13. Bb3 Bg4 14. h3 Bh5 15. a5 Nd7 16. Bd2 Nc5 17. Bxb4 Nxb3 18. cxb3 Rb8 19. Bc3 Bxf3 20. Qxf3 Rxb3 21. Qd1 Qb8 22. f4 exf4 23. Rxf4 d5 24. Rf1 dxe4 25. Qg4 Rxc3 26. bxc3 exd3 27. Rad1 Qb5 28. Qf5 Qxf5 29. Rxf5 Rd8 30. Rd2 g6 31. Rf3 Rd5 32. Rdxd3 Rxa5 33. Rd7 Re5 34. Kf1 Re6 35. Ra7 c5 36. c4 Re4 37. Rc3 Bf6 38. Rc2 Bh4 39. Rc1 Bg5 40. Rc2 Bh4 1/2-1/2

[Event "71st RUS-ch Higher League 2018"]
[Site "Yaroslavl"]
[Date "2018.06.27"]
[Round "2"]
[White "Usmanov, Vasily"]
[Black "Predke, Alexandr"]
[Result "1/2-1/2"]
[ECO "E04"]
[WhiteElo "2477"]
[BlackElo "2613"]
[Annotator "ChessBase"]
[PlyCount "113"]
[EventDate "2018.06.26"]
[EventType "swiss"]
[EventCountry "RUS"]
[SourceTitle "playchess.com"]
[Source "ChessBase"]
[SourceQuality "1"]
[TimeControl "40/5400+30:1800+30"]

1. Nf3 d5 2. c4 e6 3. d4 Nf6 4. g3 dxc4 5. Bg2 Bd7 6. Nbd2 Bb4 7. O-O Bxd2 8. Bxd2 Bc6 9. Qc2 b5 10. Bg5 Nbd7 11. b3 Be4 12. Qxe4 Nxe4 13. Bxd8 Rxd8 14. bxc4 b4 15. Rfb1 Rb8 16. Rb3 a5 17. a3 Ke7 18. c5 f5 19. axb4 Rxb4 20. Rba3 g5 21. e3 Rb2 22. Rxa5 Rxf2 23. Ra7 Rc8 24. Ne5 Nxe5 25. Bxe4 Rb2 26. Bb7 Rb8 27. dxe5 R2xb7 28. c6 Rxa7 29. Rxa7 Kd8 30. Kf2 g4 31. e4 Rb5 32. exf5 Rxe5 33. Ra8+ Ke7 34. f6+ Kxf6 35. Rc8 Rh5 36. Rxc7 Rxh2+ 37. Ke3 Rc2 38. Kd3 Rc1 39. Kd4 h5 40. Rc8 Kg7 41. Ke4 Kf6 42. c7 Ke7 43. Kf4 Kd7 44. Rh8 Kxc7 45. Rxh5 Rc4+ 46. Kg5 Kd6 47. Rh1 e5 48. Kf5 Kd5 49. Rd1+ Rd4 50. Ra1 Rd2 51. Ra5+ Kd4 52. Rxe5 Rf2+ 53. Ke6 Rf3 54. Rg5 Rxg3 55. Kf5 Ke3 56. Rxg4 Rxg4 57. Kxg4 1/2-1/2

[Event "71st RUS-ch Higher League 2018"]
[Site "Yaroslavl"]
[Date "2018.06.27"]
[Round "2"]
[White "Iskusnyh, Sergei"]
[Black "Turov, Maxim"]
[Result "0-1"]
[ECO "D71"]
[WhiteElo "2473"]
[BlackElo "2600"]
[Annotator "ChessBase"]
[PlyCount "78"]
[EventDate "2018.06.26"]
[EventType "swiss"]
[EventCountry "RUS"]
[SourceTitle "playchess.com"]
[Source "ChessBase"]
[SourceQuality "1"]
[TimeControl "40/5400+30:1800+30"]

1. d4 Nf6 2. c4 g6 3. g3 c5 4. dxc5 Qa5+ 5. Nc3 Qxc5 6. e4 d6 7. Be3 Qa5 8. Bg2 Nc6 9. Nge2 Ng4 10. Bf4 Be6 11. h3 Nf6 12. b3 Bg7 13. Bd2 O-O 14. Nd5 Qd8 15. O-O Nd7 16. Rb1 a6 17. Nef4 Bxd5 18. Nxd5 Nc5 19. b4 Nd7 20. Be3 a5 21. a3 axb4 22. axb4 e6 23. Nf4 Qc7 24. c5 dxc5 25. bxc5 Rfd8 26. Qc1 Bd4 27. Rb5 Ra1 28. Qxa1 Bxa1 29. Rxa1 Nde5 30. Ne2 Kg7 31. Rab1 Rd7 32. Bf4 h6 33. h4 Qd8 34. Nc3 g5 35. hxg5 hxg5 36. Bxe5+ Nxe5 37. Rxb7 Rxb7 38. Rxb7 Qd2 39. Nb5 Ng4 0-1

[Event "71st RUS-ch Higher League 2018"]
[Site "Yaroslavl"]
[Date "2018.06.27"]
[Round "2"]
[White "Gaifullin, Artur"]
[Black "Shaposhnikov, Evgeny"]
[Result "0-1"]
[ECO "E12"]
[WhiteElo "2448"]
[BlackElo "2572"]
[Annotator "RC"]
[PlyCount "118"]
[EventDate "2018.06.26"]
[EventType "swiss"]
[EventCountry "RUS"]
[SourceTitle "playchess.com"]
[Source "ChessBase"]
[SourceQuality "1"]
[TimeControl "40/5400+30:1800+30"]

1. d4 Nf6 2. c4 e6 3. Nf3 b6 4. a3 Bb7 5. Nc3 g6 6. d5 Bg7 7. e4 O-O 8. Be2 exd5 9. exd5 c6 10. O-O cxd5 11. cxd5 Na6 12. Bf4 Nc5 13. Rc1 Re8 14. Bc4 Nfe4 15. Nxe4 Nxe4 16. Rc2 Rc8 17. Re1 Nc3 18. Qd3 Rxe1+ 19. Nxe1 Qe8 20. Be3 Na4 21. Qe2 Nxb2 22. Bb3 Rxc2 23. Qxc2 Qe5 24. Nf3 Qc3 25. Qxc3 Bxc3 26. Ng5 Ba6 27. Ne4 Bg7 28. Nd2 Bb5 29. Bf4 a5 30. Bc7 a4 31. Bc2 Bd4 32. Bd6 f5 33. h4 Bd3 34. Bxd3 Nxd3 35. Kf1 Bxf2 36. Ke2 Bc5 37. Bc7 Nc1+ 38. Kd1 Nb3 39. Nb1 b5 40. Nc3 Bxa3 41. Nxb5 Be7 42. Kc2 Bxh4 43. Nc3 Nc5 44. Bb6 Be7 45. Bxc5 Bxc5 46. Nxa4 Ba7 47. Nc3 Kf7 48. Nb5 Bc5 49. Kd3 Kf6 50. Kc4 d6 51. Nc7 h5 52. Ne6 Bf2 53. Kd3 g5 54. Ke2 Bb6 55. Nf8 Ba7 56. Nh7+ Kg6 57. Nf8+ Kg7 58. Ne6+ Kf6 59. Nd8 h4 0-1

[Event "71st RUS-ch Higher League 2018"]
[Site "Yaroslavl"]
[Date "2018.06.27"]
[Round "2"]
[White "Vastrukhin, Oleg"]
[Black "Alekseenko, Kirill"]
[Result "0-1"]
[ECO "A37"]
[WhiteElo "2420"]
[BlackElo "2621"]
[Annotator "ChessBase"]
[PlyCount "72"]
[EventDate "2018.06.26"]
[EventType "swiss"]
[EventCountry "RUS"]
[SourceTitle "playchess.com"]
[Source "ChessBase"]
[SourceQuality "1"]
[TimeControl "40/5400+30:1800+30"]

1. Nf3 c5 2. g3 Nc6 3. Bg2 g6 4. c4 Bg7 5. Nc3 d6 6. O-O Bf5 7. d3 Qd7 8. Bd2 Bh3 9. Rb1 h5 10. Bxh3 Qxh3 11. Ng5 Qd7 12. h4 Nh6 13. Nd5 O-O 14. e3 e6 15. Nf4 Rab8 16. Bc3 Ne5 17. Qe2 b5 18. cxb5 Qxb5 19. d4 cxd4 20. Bxd4 Qa4 21. b3 Qa3 22. Rfc1 Rfc8 23. Qb2 Qa6 24. e4 Qb7 25. Qe2 a5 26. f3 Nxf3+ 27. Nxf3 e5 28. Bxe5 Bxe5 29. Nxe5 dxe5 30. Nd5 Ng4 31. Kg2 Kg7 32. Rxc8 Rxc8 33. Re1 Rc5 34. Qf3 Qa6 35. Re2 Rc1 36. Ne3 Rc3 0-1

[Event "71st RUS-ch Higher League 2018"]
[Site "Yaroslavl"]
[Date "2018.06.28"]
[Round "3"]
[White "Lysyj, Igor"]
[Black "Timofeev, Artyom"]
[Result "0-1"]
[ECO "D30"]
[WhiteElo "2630"]
[BlackElo "2583"]
[Annotator "RC"]
[PlyCount "112"]
[EventDate "2018.06.26"]
[EventType "swiss"]
[EventCountry "RUS"]
[SourceTitle "playchess.com"]
[Source "ChessBase"]
[SourceQuality "1"]
[TimeControl "40/5400+30:1800+30"]

1. d4 d5 2. c4 e6 3. Nf3 a6 4. e3 Nf6 5. b3 b6 6. Bb2 Bd6 7. g3 Bb7 8. Bg2 dxc4 9. bxc4 O-O 10. O-O Nbd7 11. Nc3 Qe7 12. Qc2 c5 13. d5 exd5 14. Nh4 g6 15. Nxd5 Nxd5 16. cxd5 b5 17. e4 c4 18. f4 Rac8 19. Rad1 c3 20. Bc1 Ba3 21. Be3 Rc4 22. e5 Bc5 23. d6 Bxe3+ 24. Kh1 Bxg2+ 25. Nxg2 Qe6 26. Nxe3 Rc5 27. Rfe1 b4 28. Rd4 a5 29. Re2 Rfc8 30. Kg2 f6 31. exf6 Re8 32. Kf1 Kf7 33. Nc4 Qxe2+ 34. Qxe2 Rxe2 35. Kxe2 Kxf6 36. Kd3 g5 37. fxg5+ Rxg5 38. a3 Rb5 39. axb4 axb4 40. Rh4 h5 41. Kc2 Ke6 42. Rd4 Rf5 43. Rd1 Nc5 44. Re1+ Kd7 45. Re2 Rf1 46. Ne3 Ra1 47. Nd5 Ra2+ 48. Kd1 Rxe2 49. Kxe2 c2 50. Kd2 b3 51. Nb4 Kxd6 52. Nxc2 Ne4+ 53. Kc1 bxc2 54. Kxc2 Nf2 55. Kd2 Ng4 56. h3 Nf2 0-1

[Event "71st RUS-ch Higher League 2018"]
[Site "Yaroslavl"]
[Date "2018.06.28"]
[Round "3"]
[White "Khismatullin, Denis"]
[Black "Oparin, Grigoriy"]
[Result "1/2-1/2"]
[ECO "E17"]
[WhiteElo "2627"]
[BlackElo "2587"]
[Annotator "RC"]
[PlyCount "114"]
[EventDate "2018.06.26"]
[EventType "swiss"]
[EventCountry "RUS"]
[SourceTitle "playchess.com"]
[Source "ChessBase"]
[SourceQuality "1"]
[TimeControl "40/5400+30:1800+30"]

1. Nf3 Nf6 2. g3 b6 3. d4 Bb7 4. c4 e6 5. Bg2 Be7 6. O-O O-O 7. Re1 Na6 8. Nc3 Ne4 9. h4 f5 10. Bf4 Bf6 11. Ng5 Nxc3 12. bxc3 Bxg2 13. Kxg2 Bxg5 14. hxg5 d6 15. e4 Qd7 16. Qd3 Rae8 17. c5 e5 18. Bd2 Nb8 19. cxd6 cxd6 20. dxe5 dxe5 21. Qxd7 Nxd7 22. exf5 Rxf5 23. Be3 e4 24. a4 Nc5 25. Reb1 Ne6 26. Rb5 g6 27. Rxf5 gxf5 28. a5 Rc8 29. axb6 axb6 30. Rb1 Rxc3 31. Rb5 Ng7 32. Rxb6 Rd3 33. Kf1 Rd5 34. Kg2 Ne8 35. Bf4 Ng7 36. Kh3 Kf7 37. Rb7+ Kg8 38. Rb6 Kf7 39. Rf6+ Kg8 40. Ra6 Kf7 41. Rf6+ Kg8 42. Bc1 Ne8 43. Rb6 Nd6 44. Rb8+ Kf7 45. Rh8 Kg6 46. Rd8 Rd3 47. Bf4 Nb5 48. Rg8+ Kf7 49. Rh8 Kg6 50. Rb8 Nd4 51. Rb6+ Kf7 52. Rf6+ Kg8 53. Kh4 Rd1 54. Kh3 Nf3 55. Rxf5 Rh1+ 56. Kg2 Rg1+ 57. Kh3 Rh1+ 1/2-1/2

[Event "71st RUS-ch Higher League 2018"]
[Site "Yaroslavl"]
[Date "2018.06.28"]
[Round "3"]
[White "Predke, Alexandr"]
[Black "Iskusnyh, Sergei"]
[Result "1-0"]
[ECO "C02"]
[WhiteElo "2613"]
[BlackElo "2473"]
[Annotator "ChessBase"]
[PlyCount "69"]
[EventDate "2018.06.26"]
[EventType "swiss"]
[EventCountry "RUS"]
[SourceTitle "playchess.com"]
[Source "ChessBase"]
[SourceQuality "1"]
[TimeControl "40/5400+30:1800+30"]

1. e4 e6 2. d4 d5 3. e5 c5 4. c3 Nc6 5. Nf3 Qb6 6. Na3 Bd7 7. Nc2 cxd4 8. Ncxd4 Nxd4 9. Nxd4 Bc5 10. b4 Bxd4 11. Qxd4 Qc7 12. Bd3 Ne7 13. Bf4 a6 14. a4 Rc8 15. Ra3 g5 16. Bxg5 Nc6 17. Qh4 Nxe5 18. Be2 Ng6 19. Qg3 O-O 20. Qe3 f5 21. h4 f4 22. Qd4 Qe5 23. Bh6 Qxd4 24. cxd4 Rc1+ 25. Bd1 Rf7 26. h5 Ne7 27. Rh4 Nc6 28. b5 Nxd4 29. Rg4+ Kh8 30. Bxf4 Rxf4 31. Rxf4 Nc2+ 32. Kd2 Nxa3 33. Kxc1 axb5 34. Rf7 Bc6 35. h6 1-0

[Event "71st RUS-ch Higher League 2018"]
[Site "Yaroslavl"]
[Date "2018.06.28"]
[Round "3"]
[White "Goganov, Aleksey"]
[Black "Triapishko, Alexandr"]
[Result "1-0"]
[ECO "A50"]
[WhiteElo "2576"]
[BlackElo "2513"]
[Annotator "RC"]
[PlyCount "85"]
[EventDate "2018.06.26"]
[EventType "swiss"]
[EventCountry "RUS"]
[SourceTitle "playchess.com"]
[Source "ChessBase"]
[SourceQuality "1"]
[TimeControl "40/5400+30:1800+30"]

1. d4 Nf6 2. c4 g6 3. f3 Nc6 4. d5 Ne5 5. e4 e6 6. f4 Nxe4 7. fxe5 Qh4+ 8. g3 Nxg3 9. hxg3 Qxh1 10. Nf3 Bg7 11. Nc3 O-O 12. Bf4 d6 13. Ne4 exd5 14. Nf2 Qh5 15. Be2 Bg4 16. Nxg4 Qxg4 17. exd6 cxd6 18. Qxd5 Rfe8 19. Kf2 Qe6 20. Qxe6 Rxe6 21. Rd1 Bxb2 22. Ng5 Ree8 23. Bf3 Be5 24. Bxb7 Bxf4 25. gxf4 Rab8 26. Bd5 Re7 27. Rh1 Rb2+ 28. Kf3 h5 29. f5 Kg7 30. Ne4 gxf5 31. Rg1+ Kf8 32. Nxd6 Rxa2 33. Nxf5 Ree2 34. Rg5 Rh2 35. Kg3 Rad2 36. Nh4 Rhe2 37. Rxh5 Rd3+ 38. Kf4 Rf2+ 39. Ke4 Rd1 40. Nf5 Ke8 41. Ke5 Kd8 42. Kd6 Re2 43. Ng7 1-0

[Event "71st RUS-ch Higher League 2018"]
[Site "Yaroslavl"]
[Date "2018.06.28"]
[Round "3"]
[White "Goryachkina, Aleksandra"]
[Black "Kobalia, Mikhail"]
[Result "1/2-1/2"]
[ECO "D10"]
[WhiteElo "2505"]
[BlackElo "2608"]
[Annotator "RC"]
[PlyCount "87"]
[EventDate "2018.06.26"]
[EventType "swiss"]
[EventCountry "RUS"]
[SourceTitle "playchess.com"]
[Source "ChessBase"]
[SourceQuality "1"]
[TimeControl "40/5400+30:1800+30"]

1. d4 d5 2. c4 c6 3. cxd5 cxd5 4. Bf4 Nc6 5. e3 Nf6 6. Nc3 a6 7. Bd3 Bg4 8. Nge2 e6 9. O-O Bd6 10. f3 Bh5 11. Rc1 Bg6 12. Bxd6 Qxd6 13. Nf4 Bxd3 14. Nxd3 O-O 15. Na4 Nd7 16. Qd2 Rfe8 17. Nac5 Nxc5 18. Nxc5 b6 19. Nd3 Rac8 20. Rc3 f6 21. Rfc1 Ne7 22. Qd1 Kf7 23. Qa4 a5 24. Nf4 g6 25. g3 Rxc3 26. Rxc3 Rc8 27. Rxc8 Nxc8 28. Qc2 Ne7 29. Kf2 Qc6 30. Qxc6 Nxc6 31. Nd3 e5 32. dxe5 fxe5 33. e4 dxe4 34. fxe4 Ke6 35. h4 h5 36. Ke3 Kd6 37. Kd2 Nd4 38. Ke3 b5 39. Kd2 Ne6 40. Ke3 Nc5 41. Ne1 Na4 42. Nd3 Nc5 43. Ne1 Na4 44. Nd3 1/2-1/2

[Event "71st RUS-ch Higher League 2018"]
[Site "Yaroslavl"]
[Date "2018.06.28"]
[Round "3"]
[White "Yanchenko, Roman"]
[Black "Esipenko, Andrey"]
[Result "1/2-1/2"]
[ECO "D45"]
[WhiteElo "2462"]
[BlackElo "2599"]
[Annotator "ChessBase"]
[PlyCount "112"]
[EventDate "2018.06.26"]
[EventType "swiss"]
[EventCountry "RUS"]
[SourceTitle "playchess.com"]
[Source "ChessBase"]
[SourceQuality "1"]
[TimeControl "40/5400+30:1800+30"]

1. Nf3 d5 2. d4 Nf6 3. c4 e6 4. Nc3 c6 5. e3 Nbd7 6. Qc2 b6 7. b3 Bb7 8. Bb2 Bd6 9. Bd3 O-O 10. O-O h6 11. e4 dxe4 12. Nxe4 Nxe4 13. Bxe4 Nf6 14. c5 Nxe4 15. Qxe4 Bc7 16. Ne5 Qd5 17. Qxd5 exd5 18. Rac1 b5 19. Rfe1 Rfd8 20. Bc3 Re8 21. f3 f6 22. Nd3 Kf7 23. Rxe8 Rxe8 24. Re1 Ra8 25. Bd2 g5 26. Re2 a5 27. a3 b4 28. axb4 Ba6 29. Re3 axb4 30. g3 Bb5 31. Nxb4 Ra3 32. Kf2 h5 33. Re1 Ba5 34. Nc2 Ra2 35. Bxa5 Rxc2+ 36. Kg1 Rb2 37. Re3 Ra2 38. Bd8 Ra8 39. Bc7 Ra1+ 40. Kf2 Ra2+ 41. Kg1 h4 42. gxh4 gxh4 43. h3 Rd2 44. Bd8 Rxd4 45. Re7+ Kg6 46. Re6 Rf4 47. Kf2 d4 48. Re4 Rxe4 49. fxe4 Ba6 50. Bc7 Bc8 51. Ke2 Bxh3 52. Kd3 Bf1+ 53. Kxd4 Kg5 54. Ke3 Kg4 55. e5 fxe5 56. Bxe5 Bb5 1/2-1/2

[Event "71st RUS-ch Higher League 2018"]
[Site "Yaroslavl"]
[Date "2018.06.28"]
[Round "3"]
[White "Girya, Olga"]
[Black "Gogolev, Artem"]
[Result "1-0"]
[ECO "E15"]
[WhiteElo "2457"]
[BlackElo "2407"]
[Annotator "ChessBase"]
[PlyCount "105"]
[EventDate "2018.06.26"]
[EventType "swiss"]
[EventCountry "RUS"]
[SourceTitle "playchess.com"]
[Source "ChessBase"]
[SourceQuality "1"]
[TimeControl "40/5400+30:1800+30"]

1. d4 Nf6 2. c4 e6 3. Nf3 b6 4. g3 Bb7 5. Bg2 d5 6. cxd5 exd5 7. O-O Bd6 8. Nc3 O-O 9. Nb5 Be7 10. Bf4 Na6 11. Rc1 c6 12. Nc3 Nc7 13. Bxc7 Qxc7 14. Ne5 c5 15. e3 Rad8 16. Qc2 a6 17. a4 Rfe8 18. f4 Bf8 19. Rfe1 Qb8 20. Qb3 Ba8 21. g4 c4 22. Qc2 Bb4 23. g5 Nd7 24. Rf1 Nf8 25. h4 Qd6 26. Rf3 Bb7 27. Rg3 Bxc3 28. bxc3 Ng6 29. h5 Nxe5 30. fxe5 Qc7 31. Rf1 Rf8 32. h6 g6 33. Qf2 Qe7 34. Rb1 Qe6 35. Rf3 Bc8 36. Bh3 Qe7 37. Bxc8 Rxc8 38. Rf6 Rb8 39. Qf3 Rfd8 40. Rf1 b5 41. Qf4 Rf8 42. Rxa6 bxa4 43. Rxa4 Qe6 44. Ra2 Rb3 45. Rc2 Rb6 46. Rcf2 Qe7 47. Kh2 Rb3 48. Qf6 Qxf6 49. Rxf6 Rxc3 50. e6 Rxe3 51. exf7+ Kh8 52. Rd6 c3 53. Rd8 1-0

[Event "71st RUS-ch Higher League 2018"]
[Site "Yaroslavl"]
[Date "2018.06.28"]
[Round "3"]
[White "Tekeyev, Zaur"]
[Black "Moskalenko, Alexander"]
[Result "1/2-1/2"]
[ECO "B18"]
[WhiteElo "2407"]
[BlackElo "2558"]
[Annotator "ChessBase"]
[PlyCount "90"]
[EventDate "2018.06.26"]
[EventType "swiss"]
[EventCountry "RUS"]
[SourceTitle "playchess.com"]
[Source "ChessBase"]
[SourceQuality "1"]
[TimeControl "40/5400+30:1800+30"]

1. e4 c6 2. d4 d5 3. Nd2 dxe4 4. Nxe4 Bf5 5. Ng3 Bg6 6. Nh3 e6 7. Nf4 Qh4 8. Nxg6 hxg6 9. Qd3 Nf6 10. Ne2 Nbd7 11. g3 Qh5 12. Nf4 Qa5+ 13. Bd2 Bb4 14. c3 Bd6 15. Bg2 O-O-O 16. Nh3 Qf5 17. Qxf5 gxf5 18. Ng5 Rhf8 19. O-O-O c5 20. Be3 Ng4 21. d5 e5 22. Bh3 Nxe3 23. fxe3 g6 24. e4 Be7 25. Nf3 Rh8 26. d6 Bf8 27. Bg2 fxe4 28. Nh4 e3 29. Bd5 Rh7 30. Rdf1 f5 31. Nxg6 f4 32. gxf4 exf4 33. Nxf4 Bxd6 34. h4 Re8 35. Ne2 Ne5 36. Be4 Rh6 37. Rh3 Reh8 38. Rfh1 Kb8 39. Rxe3 Rxh4 40. Rxh4 Rxh4 41. Bd5 Rh2 42. c4 Nd3+ 43. Rxd3 Rxe2 44. a4 Bf4+ 45. Kb1 Be5 1/2-1/2

[Event "71st RUS-ch Higher League 2018"]
[Site "Yaroslavl"]
[Date "2018.06.28"]
[Round "3"]
[White "Rodin, Dmitrij"]
[Black "Lomasov, Semen"]
[Result "0-1"]
[ECO "C80"]
[WhiteElo "2402"]
[BlackElo "2549"]
[Annotator "ChessBase"]
[PlyCount "82"]
[EventDate "2018.06.26"]
[EventType "swiss"]
[EventCountry "RUS"]
[SourceTitle "playchess.com"]
[Source "ChessBase"]
[SourceQuality "1"]
[TimeControl "40/5400+30:1800+30"]

1. e4 e5 2. Nf3 Nc6 3. Bb5 a6 4. Ba4 Nf6 5. O-O Nxe4 6. d4 b5 7. Bb3 d5 8. dxe5 Be6 9. Nbd2 Be7 10. c3 O-O 11. Bc2 f5 12. Nb3 Qd7 13. Nbd4 Nd8 14. a4 b4 15. Bb3 c6 16. cxb4 Bxb4 17. Bg5 Bc5 18. Rc1 Bxd4 19. Qxd4 Rb8 20. Bc2 c5 21. Qd3 Nc6 22. Qa3 Nb4 23. Bf4 Nxc2 24. Rxc2 d4 25. Nd2 Nxd2 26. Rxd2 Rfc8 27. a5 Rb3 28. Qa1 h6 29. Rc2 Qb5 30. h4 d3 31. Rd2 Rb8 32. Be3 Qb4 33. f4 Rb5 34. Qc1 Rxb2 35. Rxd3 Qe4 36. Rd8+ Kh7 37. Bf2 Rb1 38. Qe3 Rxf1+ 39. Kxf1 Rb1+ 40. Ke2 Bc4+ 41. Kd2 Rb2+ 0-1

[Event "71st RUS-ch Higher League 2018"]
[Site "Yaroslavl"]
[Date "2018.06.28"]
[Round "3"]
[White "Zakaryan, David"]
[Black "Gaifullin, Artur"]
[Result "0-1"]
[ECO "B13"]
[WhiteElo "2387"]
[BlackElo "2448"]
[Annotator "ChessBase"]
[PlyCount "114"]
[EventDate "2018.06.26"]
[EventType "swiss"]
[EventCountry "RUS"]
[SourceTitle "playchess.com"]
[Source "ChessBase"]
[SourceQuality "1"]
[TimeControl "40/5400+30:1800+30"]

1. e4 c6 2. d4 d5 3. exd5 cxd5 4. c3 Nc6 5. Bf4 Bf5 6. Qb3 Qd7 7. Nf3 f6 8. Nbd2 e6 9. h4 h5 10. g3 Nge7 11. a4 Ng6 12. Be3 Bd6 13. Bg2 O-O 14. O-O Rac8 15. Rfe1 Nge7 16. Nh2 a6 17. Qd1 g6 18. Nb3 Qc7 19. Qd2 Qb6 20. Nc5 Bxc5 21. dxc5 Qd8 22. Rad1 Ne5 23. Qe2 Qe8 24. b3 Qf7 25. f3 b6 26. cxb6 Rxc3 27. Rc1 Rxb3 28. Rc7 Nd3 29. Rd1 e5 30. g4 hxg4 31. fxg4 Be4 32. Bxe4 dxe4 33. Bh6 Qe6 34. a5 Nf4 35. Qxe4 Rg3+ 36. Kf1 f5 37. Rxe7 Qxe7 38. Bxf8 Qf7 39. gxf5 Qb3 40. Rb1 Qa2 41. fxg6 Rg1+ 42. Kxg1 Nh3+ 43. Kh1 Nf2+ 44. Kg1 Nxe4 45. Rf1 Qxa5 46. Ng4 Qxb6+ 47. Kh2 Qxg6 48. Nh6+ Kh8 49. Rg1 Qe8 50. Rg8+ Kh7 51. Bg7 Qh5 52. Bf8 Qxh4+ 53. Kg2 Ng5 54. Bg7 Qh3+ 55. Kf2 Qf3+ 56. Ke1 Ne4 57. Rf8 Qc3+ 0-1